AoeStats
← yunusmujde

Arabia

509978737Analyzed
3v3 RM · 3d ago on Sep 28, 2026· 50m 41s· 6 players
Game mode
Random Map
Map size
Normal (6 player)
Population
200
Speed
Normal
Resources
Standard
Victory
Conquest
Starting age
Dark Age
Ending age
Imperial Age
RankedLock teamsTeams togetherTeam positionsShared explorationLock speedFull tech treeHidden civsTurbo modeCheats
Victory
Defeat
🇮🇹 Varangians · Italy
961
+11
🇮🇹 Saxons · Italy
926
+13
🇮🇹 Romans · Italy
667
+23
🇨🇦 Huns · Canada
886
-17
🇹🇷 Goths · Türkiye
826
-15
🇧🇷 Chinese · Brazil
819
-15
yunusmujde
11:44 Feudal Age
13:05 Wheelbarrow
12:16 Double-Bit Axe
12:12 Horse Collar
18:55 Castle Age
19:56 Hand Cart
19:53 Bow Saw
19:45 Heavy Plow
19:40 Stone Mining
26:03 Gold Mining
34:03 Imperial Age
33:01 Forging
32:52 Scale Mail Armor
32:54 Anarchy
32:59 Squires
35:51 Two-Man Saw
35:24 Crop Rotation
35:44 Perfusion
35:08 Elite Huskarl
36:11 Conscription
36:28 Iron Casting
36:09 Chain Mail Armor
38:09 Blast Furnace
41:21 Pikeman
41:53 Halberdier
bugout
0:29 Loom
10:07 Feudal Age
21:22 Castle Age
29:45 Town Watch
31:53 Bloodlines
33:34 Husbandry
34:54 Wheelbarrow
35:48 Double-Bit Axe
37:03 Gold Mining
37:28 Bow Saw
37:02 Horse Collar
37:45 Town Patrol
38:03 Hand Cart
40:00 Gold Shaft Mining
39:24 Stone Mining
39:53 Forging
44:18 Imperial Age
45:35 Iron Casting
45:00 Scale Mail Armor
45:06 Scale Barding Armor
44:31 Cavalier
45:56 Pikeman
46:37 Squires
46:21 Paladin
NoobForever
0:34 Loom
10:26 Feudal Age
19:13 Castle Age
17:24 Double-Bit Axe
20:21 Thumb Ring
25:36 Bow Saw
25:07 Horse Collar
25:19 Gold Mining
25:19 Stone Mining
25:44 Stone Mining
25:36 Elite Skirmisher
29:20 Wheelbarrow
29:06 Heavy Plow
30:03 Gold Shaft Mining
30:36 Stone Shaft Mining
32:12 Caravan
33:24 Hand Cart
35:02 Town Watch
36:02 Ballistics
35:54 Masonry
35:40 Murder Holes
35:59 Fortified Wall
40:59 Imperial Age
39:02 Town Patrol
40:27 Fletching
40:37 Padded Archer Armor
41:08 Bodkin Arrow
42:03 Leather Archer Armor
42:55 Chemistry
42:24 Bracer
42:57 Conscription
45:31 Capped Ram
47:03 Ring Archer Armor
47:58 Fervor
48:08 Sanctity
volpe
3:08 Loom
9:47 Feudal Age
14:16 Wheelbarrow
14:07 Double-Bit Axe
14:06 Horse Collar
24:08 Castle Age
22:00 Man-at-Arms
25:07 Hand Cart
24:17 Long Swordsman
24:59 Squires
25:14 Forging
25:51 Scale Mail Armor
26:08 Heavy Plow
27:08 Iron Casting
28:56 Bow Saw
36:54 Imperial Age
35:37 Caravan
36:04 Chain Mail Armor
38:53 Comitatenses
39:56 Blast Furnace
44:05 Crop Rotation
45:50 Legionary
GecTM
6:48 Loom
9:32 Feudal Age
10:30 Double-Bit Axe
14:51 Bloodlines
19:34 Wheelbarrow
22:19 Castle Age
20:02 Horse Collar
20:14 Gold Mining
20:16 Stone Mining
22:01 Scale Barding Armor
22:07 Forging
23:27 Bow Saw
25:07 Hand Cart
24:54 Heavy Plow
25:31 Stone Shaft Mining
25:00 Husbandry
28:29 Iron Casting
30:15 Vendel Legacy
33:15 Caravan
34:33 Chain Barding Armor
39:19 Imperial Age
37:42 Town Watch
38:28 Town Patrol
41:33 Conscription
40:44 Cavalier
41:58 Guilds
44:20 Blast Furnace
43:56 Plate Barding Armor
45:37 Elite Jarl
Idle Villager
11:18 Feudal Age
12:52 Double-Bit Axe
14:05 Horse Collar
18:45 Castle Age
17:38 Stone Mining
18:41 Gold Mining
23:44 Scale Mail Armor
23:54 Forging
24:04 Squires
29:53 Gold Shaft Mining
30:59 Wheelbarrow
32:57 Hand Cart
34:49 Bow Saw
37:22 Imperial Age
35:55 Chain Mail Armor
36:17 Iron Casting
35:58 Gambesons
36:02 Arson
38:02 Town Watch
38:28 Elite Hearth Troop
38:44 Shield Wall
42:22 Chemistry
41:43 Ballistics
41:22 Murder Holes
41:33 Siege Engineers
41:29 Fletching
42:11 Plate Mail Armor
41:42 Padded Archer Armor
43:01 Thumb Ring
42:56 Bodkin Arrow
44:28 Two-Man Saw
49:29 Conscription
49:34 Crossbowman
Connection lost

Rejoining the realm…

Still unreachable

The connection could not be restored.

Session expired

The server has moved on; the page needs a fresh start.